 Dungeon Crawl Stone Soup version 0.20.1-1-g8b1a95d (webtiles) character file.

72 Gargoyl the Skirmisher (level 4, -3/41 HPs)
             Began as a Minotaur Abyssal Knight on July 18, 2017.
             Was a Follower of Lugonu.
             Killed from afar by Sigmund (5 damage)
             ... with a puff of flame
             ... on level 2 of the Dungeon.
             The game lasted 00:03:01 (1019 turns).

Gargoyl the Skirmisher (Minotaur Abyssal Knight)    Turns: 1019, Time: 00:03:01

Health: -3/41      AC:  8    Str: 16    XL:     4   Next: 7%
Magic:  4/4        EV:  9    Int:  9    God:    Lugonu [*.....]
Gold:   59         SH:  0    Dex: 11    Spells: 3/3 levels left

rFire    + . .     SeeInvis .   a - +1 hand axe
rCold    + . .     Gourm    .   (no shield)
rNeg     . . .     Faith    .   g - +0 scale mail
rPois    +         Spirit   .   (helmet restricted)
rElec    +         Reflect  .   (no cloak)
rCorr    +         Harm     .   d - +0 pair of gloves
MR       .....                  (no boots)
Stlth    ..........             (no amulet)
Regen    0.2/turn               (no ring)
MPRegen  0.1/turn               (no ring)

@: resistant, very slightly contaminated
A: retaliatory headbutt, horns 2
a: Depart the Abyss, Renounce Religion


You were on level 2 of the Dungeon.
You worshipped Lugonu.
Lugonu was aware of your devotion.
You were not hungry.

You visited 1 branch of the dungeon, and saw 2 of its levels.
You visited the Abyss 1 time.

You collected 59 gold pieces.

Inventory:

Hand Weapons
 a - a +1 hand axe (weapon)
Missiles
 k - a javelin (quivered)
Armour
 d - a +0 pair of gloves (worn)
 g - a +0 scale mail (worn)
Scrolls
 j - a scroll of magic mapping
Comestibles
 c - a bread ration
 f - a royal jelly


   Skills:
 + Level 4.4 Fighting
 + Level 3.0 Axes
 * Level 3.2 Armour
 + Level 1.4 Dodging
 * Level 2.5 Invocations


You had 3 spell levels left.
You didn't know any spells.

Dungeon Overview and Level Annotations

Branches:
Dungeon (2/15)

Altars:

Annotations:
D:2 Sigmund


Innate Abilities, Weirdness & Mutations

You reflexively headbutt those who attack you in melee.
You have a pair of horns on your head.


Message History

The puff of flame hits you!
You feel less wooden.
Your +0 pair of gloves unmelds from your body.
Your +0 scale mail unmelds from your body.
Something hits you.
* * * LOW HITPOINT WARNING * * *
Unknown command.
Something hits you!
* * * LOW HITPOINT WARNING * * *
x2 Unknown command.
You aren't carrying any potions.
Unknown command.
Blink to where?
Press: ? - help, Dir - move target cursor You are very lightly contaminated with residual magic.
As you read the scroll of blinking, it crumbles to dust.
You can no longer bend space around yourself.
A puff of flame appears from out of thin air!
The puff of flame hits you! You resist.
You die...

### ... #.# ##
.############# #.#
.# ..............#
#.# .#
.............# #[#
.#
.......@.....####.#
.#
#..##########.{.#.#
##(# #..#
#.#†#.###{.. #..#
#.#.......## #..#
#.######### #..#
#.# #<.## #.# #†..#
#######.########
+.†.+
................


There were no monsters in sight!

Vanquished Creatures
  Terence (D:2)
  An adder (D:2)
  A leopard gecko (D:1)
  2 giant cockroaches (D:1)
  6 goblins
  2 hobgoblins
  4 jackals (D:1)
  8 bats
  3 frilled lizards
  4 kobolds
  5 rats
37 creatures vanquished.

Vanquished Creatures (others)
  12 starspawn tentacles (Abyss:1)
12 creatures vanquished.

Grand Total: 49 creatures vanquished

Notes
Turn   | Place    | Note
-------+----------+-------------------------------------------
     0 | Abyss:1  | Gargoyl the Minotaur Abyssal Knight began the quest for the Orb.
     0 | Abyss:1  | Reached XP level 1. HP: 19/19 MP: 1/1
     7 | Abyss:1  | Found a corrupted altar of Lugonu.
    11 | Abyss:1  | Noticed a tentacled starspawn
    68 | D:1      | Escaped the Abyss
   257 | D:1      | Reached * piety under Lugonu
   258 | D:1      | Reached XP level 2. HP: 27/27 MP: 2/2
   268 | D:1      | Reached skill level 4 in Fighting
   777 | D:1      | Reached XP level 3. HP: 30/33 MP: 3/3
   835 | D:2      | Noticed Terence
   862 | D:2      | Killed Terence
   967 | D:2      | Noticed Sigmund
   990 | D:2      | Reached ** piety under Lugonu
   990 | D:2      | Reached XP level 4. HP: 20/41 MP: 4/4
  1010 | D:2      | HP: 2/41 [something (9)]
  1019 | D:2      | Killed from afar by Sigmund

Skill      XL: |  1  2  3 |
---------------+----------+-----
Invocations    | 2 |  2.5
Fighting       | 4 |  4.4
Axes           | 3 |  3.0
Armour         | 3 |  3.2
Dodging        | |  1.4

Action                   |  1- 3 |  4- 6 || total
-------------------------+-------+-------++-------
Melee: Hand axe          |    90 |       ||    90
       Headbutt          |     8 |       ||     8
Throw: Javelin           |     1 |       ||     1
Invok: Depart the Abyss  |     1 |       ||     1
  Use: Scroll            |     3 |     1 ||     4
       Potion            |     1 |     2 ||     3
Armor: Leather armour    |    25 |       ||    25
       Skin              |    15 |     9 ||    24
       Scale mail        |     3 |       ||     3
Dodge: Dodged            |    48 |       ||    48
